[Event "Titled Tuesday Blitz June 28 Late 2022"]
[White "Bolourchifard, Farzad"]
[Black "Prydun, Andriy"]
[WhiteFideId "12510084"]
[BlackFideId "14145898"]
[WhiteElo "2317"]
[BlackElo "2063"]
[Result "1-0"]
[Round "02"]
[TimeControl "180+1"]
[Date "2022.06.29"]
[WhiteClock "0:00:52"]
[BlackClock "0:00:02"]

1. e4 d5 2. exd5 Qxd5 3. Nc3 Qd6 4. d4 Nf6 5. Nge2 a6 6. Bf4 Qb6 7. g3 Bf5 8. Bg2 e6 9. O-O Bd6 10. Be3 c6 11. d5 Qc7 12. Nd4 Bg4 13. f3 Bf5 14. dxe6 Bxe6 15. Nxe6 fxe6 16. Ne4 Be7 17. Ng5 h6 18. Nxe6 Qe5 19. Nxg7+ Kf7 20. Bd4 Bc5 21. Ne6 Rd8 22. Nxd8+ 1-0


[Site "https://www.chess.com"]

[Event "Titled Tuesday Blitz June 28 Late 2022"]
[White "Boruchovsky, Avital"]
[Black "Jeet, Jain"]
[WhiteFideId "2800055"]
[BlackFideId "5073022"]
[WhiteElo "2466"]
[BlackElo "2055"]
[Result "1-0"]
[Round "02"]
[TimeControl "180+1"]
[Date "2022.06.28"]
[WhiteClock "0:01:40"]
[BlackClock "0:01:44"]

1. e4 e5 2. Nf3 Nf6 3. Nxe5 d6 4. Nf3 Nxe4 5. d4 d5 6. Bd3 Bf5 7. O-O Be7 8. Re1 O-O 9. Nc3 Nxc3 10. bxc3 Bxd3 11. cxd3 Nd7 12. Rb1 b6 13. Qa4 Nf6 14. Ne5 Re8 15. Bg5 Qd6 16. Re2 c5 17. Rbe1 cxd4 18. Qxd4 Bf8 19. Bxf6 Qxf6 20. Qxd5 Rad8 21. Qb3 Bd6 22. Nxf7 1-0


[Site "https://www.chess.com"]

[Event "Titled Tuesday Blitz June 28 Late 2022"]
[White "Brodowski, Piotr"]
[Black "Hakobyan, Aram"]
[WhiteFideId "1124480"]
[BlackFideId "13306677"]
[WhiteElo "2431"]
[BlackElo "2557"]
[Result "0-1"]
[Round "02"]
[TimeControl "180+1"]
[Date "2022.06.28"]
[WhiteClock "0:00:03"]
[BlackClock "0:00:12"]

1. c4 g6 2. Nc3 Bg7 3. d4 d6 4. Nf3 Nc6 5. g3 Bd7 6. Bg2 Qc8 7. h3 Nf6 8. Be3 O-O 9. Qd2 e5 10. d5 Ne7 11. g4 Ne8 12. g5 Nf5 13. h4 Nxe3 14. Qxe3 f5 15. gxf6 Nxf6 16. Ne4 Nxe4 17. Qxe4 Rf4 18. Qc2 Qf8 19. Ng5 Rxf2 20. Bf3 Rxf3 21. Nxf3 e4 22. Ng5 Qf4 23. Qxe4 Qg3+ 24. Kd2 Re8 25. Qf3 Qxf3 26. Nxf3 Bf5 27. Rae1 Bxb2 28. e4 Rxe4 29. Rxe4 Bxe4 30. Ke3 Bf5 31. Nd4 Bxd4+ 32. Kxd4 b6 33. Re1 Kf7 34. Ke3 h6 35. Kf4 Bd7 36. a3 Kf6 37. Rf1 g5+ 38. hxg5+ hxg5+ 39. Ke4+ Ke7 40. Rg1 g4 41. Kf4 Bc8 42. Rh1 Ba6 43. Rc1 Kf6 44. Rc3 g3 45. Rxg3 Bxc4 46. Ke4 Ke7 47. Rg7+ Kd8 48. Kd4 b5 49. Rg8+ Kd7 50. Ra8 Bb3 51. Rxa7 Kc8 52. Ra8+ Kb7 53. Rh8 Ba2 54. Rh7 Kb6 55. Rh2 Bb3 56. Rb2 Ba4 57. Rb4 Ka5 58. Kc3 Kb6 59. Kd4 Bd1 60. Kc3 Kc5 61. Rd4 Bf3 62. Rf4 Bxd5 63. a4 bxa4 64. Rxa4 Bc6 65. Ra5+ Bb5 66. Ra7 c6 67. Rg7 d5 68. Rg5 Be2 69. Re5 Bc4 70. Rg5 Kb5 71. Rg4 c5 72. Rf4 Be2 73. Rh4 Bf3 74. Rf4 Be4 75. Kd2 Kc4 76. Ke3 Kc3 77. Rf8 Bh1 78. Rc8 d4+ 79. Ke2 c4 80. Kd1 d3 81. Rb8 Bf3+ 82. Ke1 d2+ 83. Kf2 d1=Q 0-1


[Site "https://www.chess.com"]

[Event "Titled Tuesday Blitz June 28 Late 2022"]
[White "Capp, Stephen"]
[Black "Bach, Matthias"]
[WhiteFideId "2027089"]
[BlackFideId "4603168"]
[WhiteElo "2140"]
[BlackElo "2165"]
[Result "1/2-1/2"]
[Round "02"]
[TimeControl "180+1"]
[Date "2022.06.29"]
[WhiteClock "0:00:14"]
[BlackClock "0:00:22"]

1. e4 e5 2. Nf3 Nc6 3. Bc4 Nf6 4. d4 exd4 5. e5 d5 6. Bb5 Ne4 7. Nxd4 Bc5 8. Be3 Bd7 9. Bxc6 bxc6 10. O-O O-O 11. Nd2 Nxd2 12. Qxd2 Rb8 13. Nb3 Bb6 14. f4 Re8 15. Qc3 Qe7 16. Rae1 Bf5 17. h3 Be4 18. Nc5 f6 19. Nxe4 dxe4 20. Qc4+ Qe6 21. Qxe4 Qxa2 22. b3 Qb2 23. Qc4+ Kh8 24. e6 f5 25. Qxc6 Bxe3+ 26. Rxe3 Qd4 27. Re1 Qxf4 28. e7 Qd4 29. Kh1 Kg8 30. Qe6+ Kh8 31. Qf7 Qf6 32. Qxf6 gxf6 33. Re6 Kg7 34. Rc6 Rbc8 35. Ra6 Kf7 36. Rxa7 Rxe7 37. Rf1 Re5 38. c4 Ke6 39. b4 c6 40. Ra6 h5 41. b5 Kd6 42. Rd1+ Kc5 43. b6 Rb8 44. Rb1 Kxc4 45. b7 Kd5 46. Ra8 Ree8 47. Ra5+ Kd6 48. Rxf5 Re6 49. Rxh5 c5 50. Rb6+ Kd7 51. Rxe6 Kxe6 52. Rxc5 Rxb7 53. g4 Rb2 54. Rc3 Ke5 55. Rg3 Kf4 56. Rg2 Rb3 57. Kh2 Kg5 58. Rf2 Kh4 59. Rxf6 Rxh3+ 60. Kg2 Rg3+ 61. Kh2 Rh3+ 62. Kg2 Rg3+ 63. Kf2 Rxg4 64. Rh6+ Kg5 65. Rh8 Rf4+ 66. Kg3 Rg4+ 67. Kh3 Re4 68. Rg8+ Kf6 69. Rg3 Re5 70. Rf3+ Rf5 71. Rxf5+ Kxf5 1/2-1/2


[Site "https://www.chess.com"]

[Event "Titled Tuesday Blitz June 28 Late 2022"]
[White "Cappelletto, Joshuaede"]
[Black "Rustemov, Alexander"]
[WhiteFideId "2824383"]
[BlackFideId "4119002"]
[WhiteElo "1761"]
[BlackElo "2735"]
[Result "1/2-1/2"]
[Round "02"]
[TimeControl "180+1"]
[Date "2022.06.28"]
[WhiteClock "0:00:21"]
[BlackClock "0:00:25"]

1. e4 e6 2. d4 d5 3. Nc3 Bb4 4. e5 c5 5. a3 Bxc3+ 6. bxc3 Qa5 7. Bd2 Qa4 8. Nf3 b6 9. h4 Ba6 10. h5 h6 11. Rh4 Bxf1 12. Kxf1 Ne7 13. Kg1 Qa6 14. Rg4 Nf5 15. Nh4 Nxh4 16. Rxh4 Nc6 17. Rg4 Kf8 18. Qf3 cxd4 19. cxd4 Rc8 20. Qg3 Rh7 21. Rxg7 Rxg7 22. Bxh6 Ke7 23. Bxg7 Qe2 24. Qh4+ Kd7 25. h6 Ne7 26. h7 Ng6 27. Qf6 Qg4 28. f3 Qxd4+ 29. Kh2 Qxa1 30. Qxf7+ Ne7 31. Bf6 Re8 32. Qxe8+ Kxe8 33. h8=Q+ Kd7 34. Qb8 Qxa3 35. g4 Qc5 1/2-1/2


[Site "https://www.chess.com"]

[Event "Titled Tuesday Blitz June 28 Late 2022"]
[White "Caputcuoglu, Zeki Berke"]
[Black "Bobadilla Viera, Jorge Samuel"]
[WhiteFideId "34548610"]
[BlackFideId "3906353"]
[WhiteElo "1368"]
[BlackElo "2202"]
[Result "0-1"]
[Round "02"]
[TimeControl "180+1"]
[Date "2022.06.29"]
[WhiteClock "0:00:21"]
[BlackClock "0:00:17"]

1. e4 c5 2. Nf3 d6 3. d4 cxd4 4. Nxd4 Nf6 5. Nc3 a6 6. Be3 e5 7. Nb3 Be6 8. f3 Be7 9. Qd2 O-O 10. O-O-O a5 11. a4 Na6 12. Bb5 Nc7 13. g4 d5 14. exd5 Nfxd5 15. Nxd5 Nxd5 16. Kb1 Qc7 17. Bg5 Bxg5 18. Qxg5 Rac8 19. Na1 Rfd8 20. Rhe1 f6 21. Qh4 Nf4 22. Qf2 Rxd1+ 23. Rxd1 Rd8 24. Rxd8+ Qxd8 25. Kc1 g6 26. Qd2 Qc7 27. c3 Kg7 28. Nc2 Bd5 29. Qe3 h5 30. gxh5 Nxh5 31. Na3 Nf4 32. Nb1 f5 33. Nd2 Kf6 34. Kc2 b6 35. Nb3 g5 36. Nc1 Ne6 37. Nd3 e4 38. fxe4 Bxe4 39. Kc1 Bxd3 40. Bxd3 Qxh2 41. Qxb6 Qe5 42. Qb5 g4 43. Qxe5+ Kxe5 44. Kd2 f4 45. Ke2 f3+ 46. Kf2 Kf4 47. b4 g3+ 48. Kg1 g2 49. bxa5 Kg3 50. a6 f2# 0-1


[Site "https://www.chess.com"]

[Event "Titled Tuesday Blitz June 28 Late 2022"]
[White "Castellanos Hernandez, Emilio Au"]
[Black "Pershin, Denis"]
[WhiteFideId "5114179"]
[BlackFideId "24165506"]
[WhiteElo "2021"]
[BlackElo "2275"]
[Result "0-1"]
[Round "02"]
[TimeControl "180+1"]
[Date "2022.06.29"]
[WhiteClock "0:00:27"]
[BlackClock "0:00:20"]

1. d4 d5 2. Bf4 c5 3. e3 cxd4 4. exd4 Nc6 5. c3 Nf6 6. Bd3 Bg4 7. Qb3 e5 8. Qxb7 exf4 9. Qxc6+ Bd7 10. Qa6 Qb8 11. Nd2 Qxb2 12. Rb1 Qxc3 13. Ne2 Qc8 14. Nxf4 Be7 15. O-O O-O 16. Nf3 Qxa6 17. Bxa6 Rab8 18. Ne5 Ba4 19. h3 Rfd8 20. Rfc1 Bd6 21. Rxb8 Rxb8 22. Nfd3 g6 23. Nc5 Bb5 24. a4 Bxa6 25. Nxa6 Rb6 26. Rc8+ Kg7 27. Nc5 Rb4 28. Rd8 Bc7 29. Rc8 Bb6 30. g4 Ne4 31. Nxe4 dxe4 32. Nc6 Rxa4 33. Re8 Bxd4 34. Kg2 Bb6 35. Re7 Ra2 36. Rxe4 Rxf2+ 37. Kg3 Rc2 38. g5 Rxc6 0-1


[Site "https://www.chess.com"]

[Event "Titled Tuesday Blitz June 28 Late 2022"]
[White "Chen, Max"]
[Black "Gulecyuz, Deniz"]
[WhiteFideId "2622440"]
[BlackFideId "30921341"]
[WhiteElo "2406"]
[BlackElo "1923"]
[Result "1-0"]
[Round "02"]
[TimeControl "180+1"]
[Date "2022.06.29"]
[WhiteClock "0:00:52"]
[BlackClock "0:00:59"]

1. e4 c5 2. c3 Nf6 3. e5 Nd5 4. d4 cxd4 5. Nf3 Nc6 6. Bc4 Nb6 7. Bb5 a6 8. Bxc6 dxc6 9. cxd4 g6 10. Bd2 Bg7 11. Ba5 Be6 12. Nc3 c5 13. d5 Bg4 14. Qb3 Bxf3 15. gxf3 Bxe5 16. Qxb6 Qc8 17. O-O-O Qf5 18. Ne4 Qxf3 19. Rhe1 O-O 20. Kb1 Rfc8 21. Ka1 Bxh2 22. Bc3 Bd6 23. Nxd6 exd6 24. Qxd6 Re8 25. Qf6 Qxf6 26. Bxf6 1-0


[Site "https://www.chess.com"]

[Event "Titled Tuesday Blitz June 28 Late 2022"]
[White "Chernobay, Artem"]
[Black "Bortnyk, Olexandr"]
[WhiteFideId "4167406"]
[BlackFideId "14120828"]
[WhiteElo "2473"]
[BlackElo "2723"]
[Result "0-1"]
[Round "02"]
[TimeControl "180+1"]
[Date "2022.06.28"]
[WhiteClock "0:00:06"]
[BlackClock "0:00:19"]

1. e4 d6 2. d4 Nf6 3. Nc3 Nbd7 4. f4 e5 5. Nf3 exd4 6. Qxd4 c6 7. Be2 d5 8. e5 Bc5 9. Qd3 Ng4 10. Nd1 Bb6 11. Ng5 Nc5 12. Qg3 h6 13. Bxg4 hxg5 14. Nf2 gxf4 15. Bxf4 Bxg4 16. Qxg4 Ne6 17. Bg3 Qe7 18. O-O-O O-O-O 19. Kb1 Kb8 20. Nd3 Ka8 21. Rhf1 d4 22. Nf4 Nc5 23. Rfe1 Ba5 24. Re2 Na4 25. Nd3 Bc3 26. bxc3 Qa3 27. Be1 dxc3 28. Qc4 Nb2 29. Bxc3 Nxc4 0-1


[Site "https://www.chess.com"]

[Event "Titled Tuesday Blitz June 28 Late 2022"]
[White "Clarke, Brandon G I"]
[Black "Melikhov, Evgeny V."]
[WhiteFideId "400319"]
[BlackFideId "4122046"]
[WhiteElo "2414"]
[BlackElo "1904"]
[Result "1-0"]
[Round "02"]
[TimeControl "180+1"]
[Date "2022.06.29"]
[WhiteClock "0:02:18"]
[BlackClock "0:00:33"]

1. e4 e5 2. Nf3 Nc6 3. Bc4 Nf6 4. O-O Nxe4 5. d4 exd4 6. Re1 d5 7. Bxd5 Qxd5 8. Nc3 Qa5 9. Nxe4 Be6 10. Bd2 Bb4 11. Bxb4 Qxb4 12. a3 Qxb2 13. Rb1 Qxa3 14. Rxb7 O-O 15. Rxc7 Rac8 16. Rxc8 Rxc8 17. Nxd4 Nxd4 18. Qxd4 h6 19. c3 Rc4 20. Qd8+ Qf8 21. Qd3 Ra4 22. Qg3 Qd8 23. h3 Ra2 24. Kh2 a5 25. Nc5 Qg5 26. Qb8+ Kh7 27. Nxe6 fxe6 28. Qb1+ 1-0


[Site "https://www.chess.com"]

[Event "Titled Tuesday Blitz June 28 Late 2022"]
[White "Colivet Gamboa, Julio Cesar"]
[Black "Kuzmin, Roman"]
[WhiteFideId "3949583"]
[BlackFideId "44134932"]
[WhiteElo "1743"]
[BlackElo "1968"]
[Result "0-1"]
[Round "02"]
[TimeControl "180+1"]
[Date "2022.06.29"]
[WhiteClock "0:01:55"]
[BlackClock "0:02:10"]

1. c4 e5 2. Nc3 Nf6 3. g3 d5 4. cxd5 Nxd5 5. Bg2 Nb6 6. Nf3 Nc6 7. O-O Be7 8. d3 O-O 9. Be3 Be6 10. d4 exd4 11. Nxd4 Nxd4 12. Bxd4 c6 13. Rc1 Nc4 14. b3 Nd6 15. Qc2 Qa5 16. Rfd1 Nf5 17. Be4 Nxd4 18. Bxh7+ Kh8 19. Rxd4 Bf6 20. b4 Qh5 0-1


[Site "https://www.chess.com"]

[Event "Titled Tuesday Blitz June 28 Late 2022"]
[White "Colpe, Malte"]
[Black "Wartiovaara, Oliver"]
[WhiteFideId "24623075"]
[BlackFideId "513024"]
[WhiteElo "2328"]
[BlackElo "1971"]
[Result "1-0"]
[Round "02"]
[TimeControl "180+1"]
[Date "2022.06.29"]
[WhiteClock "0:00:05"]
[BlackClock "0:00:02"]

1. e4 c5 2. Nc3 d6 3. d4 cxd4 4. Qxd4 Nc6 5. Qd2 g6 6. b3 Bh6 7. f4 Nf6 8. Bb2 e5 9. g3 O-O 10. O-O-O Bg4 11. Be2 Nd4 12. Kb1 Rc8 13. Bxg4 Nxg4 14. h3 Nf6 15. Nge2 Bg7 16. Nxd4 exd4 17. Qxd4 Nxe4 18. Qxe4 Bxc3 19. Bxc3 Rxc3 20. Qxb7 a5 21. g4 a4 22. Qb4 Qc7 23. Rh2 axb3 24. axb3 Rc8 25. Qxd6 Qb7 26. Qd5 Qb4 27. Rd4 Qa3 28. Ra4 Qe7 29. Ra8 Qe1+ 30. Kb2 Qe3 31. Rxc8+ Rxc8 32. Qe5 Qa7 33. Qe4 Ra8 34. Qa4 Qb7 35. Qc4 Qa7 36. Kc1 Qa1+ 37. Kd2 Rd8+ 38. Ke2 Qd1+ 39. Kf2 Rd2+ 40. Kg3 Qe1+ 41. Kf3 Rxh2 42. Qc8+ Kg7 43. Qc3+ 1-0


[Site "https://www.chess.com"]

[Event "Titled Tuesday Blitz June 28 Late 2022"]
[White "Cruz, Cristhian"]
[Black "Saito, Vinicius"]
[WhiteFideId "3801969"]
[BlackFideId "2113384"]
[WhiteElo "2497"]
[BlackElo "2168"]
[Result "1-0"]
[Round "02"]
[TimeControl "180+1"]
[Date "2022.06.29"]
[WhiteClock "0:01:20"]
[BlackClock "0:00:32"]

1. d4 Nf6 2. c4 g6 3. Nc3 Bg7 4. e4 d6 5. Nf3 O-O 6. Be2 e5 7. O-O Nc6 8. d5 Ne7 9. Be3 Ng4 10. Bd2 f5 11. a4 Nf6 12. Ng5 a5 13. Bf3 f4 14. Ne6 Bxe6 15. dxe6 c6 16. Qb3 Qc7 17. Rfd1 g5 18. Be1 g4 19. Be2 h5 20. f3 Kh7 21. Bf2 Nc8 22. c5 dxc5 23. Bxc5 Re8 24. Rd2 Bf8 25. Bf2 Be7 26. Rad1 Rg8 27. Rd7 Nxd7 28. Rxd7 Qb8 29. Qd1 g3 30. hxg3 fxg3 31. Be3 Rg7 32. f4 exf4 33. Bd4 b5 34. Bxh5 b4 35. Bf7 Kh6 36. Qh5# 1-0


[Site "https://www.chess.com"]

[Event "Titled Tuesday Blitz June 28 Late 2022"]
[White "Curtis, John"]
[Black "Huber, Benedikt"]
[WhiteFideId "3200256"]
[BlackFideId "12923583"]
[WhiteElo "2203"]
[BlackElo "1979"]
[Result "1-0"]
[Round "02"]
[TimeControl "180+1"]
[Date "2022.06.29"]
[WhiteClock "0:00:14"]
[BlackClock "0:00:45"]

1. e4 c5 2. Nc3 e6 3. g3 d5 4. Bg2 d4 5. Nce2 Nc6 6. d3 e5 7. f4 Bd6 8. f5 f6 9. g4 Bd7 10. Ng3 g6 11. h4 Qc7 12. Nf3 O-O-O 13. b3 Nge7 14. Bh6 Rhg8 15. Kf2 gxf5 16. gxf5 Kb8 17. Qe2 Nc8 18. Bh3 b5 19. a4 a6 20. axb5 axb5 21. Bd2 Kb7 22. Nh5 Be7 23. Rhg1 Nb6 24. Rxg8 Rxg8 25. Rg1 Rxg1 26. Nxg1 Nb4 27. Bxb4 cxb4 28. Ng7 Qc3 29. Ne6 Na4 30. h5 Bxe6 31. fxe6 Qc6 32. Kg2 Nc5 33. Qg4 Na6 34. Qg7 Qxc2+ 35. Kh1 Qc7 36. Qxh7 Nc5 37. Qf7 Qd8 38. h6 Nxd3 39. h7 Nf4 40. Qg8 Bf8 41. h8=Q d3 42. Qxf8 Qxf8 43. Qxf8 d2 44. Qe7+ Ka6 45. Qd6+ Ka5 46. Qxd2 f5 47. Ne2 Ng6 48. Qd7 fxe4 49. Qa7# 1-0


[Site "https://www.chess.com"]

[Event "Titled Tuesday Blitz June 28 Late 2022"]
[White "Dardha, Daniel"]
[Black "Vivas Zamora, Fabian Ernesto"]
[WhiteFideId "240990"]
[BlackFideId "3902480"]
[WhiteElo "2482"]
[BlackElo "2014"]
[Result "0-1"]
[Round "02"]
[TimeControl "180+1"]
[Date "2022.06.28"]
[WhiteClock "0:00:03"]
[BlackClock "0:00:03"]

1. d4 Nf6 2. c4 g6 3. f3 d5 4. cxd5 Nxd5 5. e4 Nb6 6. Nc3 Bg7 7. Be3 O-O 8. Qd2 Nc6 9. Rd1 e5 10. dxe5 Qxd2+ 11. Kxd2 Nxe5 12. Kc2 Nec4 13. Bc5 Nxb2 14. Bxf8 Nxd1 15. Bxg7 Nf2 16. Bd4 Nxh1 17. g3 Be6 18. Bg2 Nxg3 19. hxg3 Rd8 20. Nge2 Nc4 21. Kc1 b6 22. Bf1 c5 23. Bf6 Rd6 24. Nf4 Ne3 25. Be2 Bc4 26. Be5 Rd7 27. Bxc4 Nxc4 28. Bf6 Rd6 29. Ncd5 h6 30. e5 Rd7 31. Kc2 Rb7 32. Kd3 b5 33. Ne7+ Kh7 34. e6 fxe6 35. Nxe6 Ne5+ 36. Ke4 Nd7 37. Bb2 c4 38. Kd5 b4 39. Nd8 c3 40. Bc1 Nb6+ 41. Ke6 Rd7 42. Nf7 Rxe7+ 43. Kxe7 a5 44. Ne5 a4 45. Nd3 b3 46. axb3 axb3 47. Bb2 cxb2 48. Nxb2 Nd5+ 49. Kd6 Ne3 50. Ke5 h5 51. Ke4 Nf1 0-1


[Site "https://www.chess.com"]

[Event "Titled Tuesday Blitz June 28 Late 2022"]
[White "De La Colina, Nicolas"]
[Black "Ward, Ieuan C"]
[WhiteFideId "30946921"]
[BlackFideId "406627"]
[WhiteElo "2046"]
[BlackElo "2332"]
[Result "0-1"]
[Round "02"]
[TimeControl "180+1"]
[Date "2022.06.29"]
[WhiteClock "0:00:08"]
[BlackClock "0:00:25"]

1. e4 c5 2. c3 d5 3. exd5 Qxd5 4. Nf3 Nf6 5. d4 Nc6 6. dxc5 Qxc5 7. Na3 a6 8. Be3 Qh5 9. Nc4 Nd7 10. Be2 Qg6 11. O-O e6 12. Nd6+ Bxd6 13. Qxd6 e5 14. Bc5 Qxd6 15. Bxd6 f6 16. Rfe1 g6 17. Bc4 Nb6 18. Bb3 Bg4 19. Nd4 O-O-O 20. Bc5 Nd7 21. Nxc6 bxc6 22. Be3 Rhe8 23. f3 Be6 24. Bc2 Kb7 25. b3 Nb6 26. Rad1 Nd5 27. Bd2 Rd7 28. c4 Nc7 29. Ba5 Red8 30. Rxd7 Rxd7 31. Rd1 Rxd1+ 32. Bxd1 Bf5 33. Bb4 Bb1 34. a3 Ne6 35. Bc3 Nd4 36. Bxd4 exd4 37. b4 a5 38. Be2 axb4 39. axb4 c5 40. b5 d3 41. Bd1 Bc2 0-1


[Site "https://www.chess.com"]

[Event "Titled Tuesday Blitz June 28 Late 2022"]
[White "Deac, Bogdan-Daniel"]
[Black "Herman, Daniel"]
[WhiteFideId "1226380"]
[BlackFideId "30935008"]
[WhiteElo "2648"]
[BlackElo "1897"]
[Result "1-0"]
[Round "02"]
[TimeControl "180+1"]
[Date "2022.06.29"]
[WhiteClock "0:00:14"]
[BlackClock "0:00:03"]

1. Nf3 d5 2. g3 c6 3. Bg2 Bg4 4. O-O Nd7 5. d3 e6 6. c4 Ngf6 7. cxd5 exd5 8. h3 Bh5 9. Nc3 Bc5 10. Qc2 O-O 11. e4 dxe4 12. dxe4 Bg6 13. Rd1 Qe7 14. Nh4 Rad8 15. Kh2 Bh5 16. f3 Ne5 17. Bf4 Nc4 18. Rxd8 Rxd8 19. Na4 b5 20. Nf5 Qf8 21. Nxc5 Qxc5 22. b3 g5 23. Bxg5 Qe5 24. Rd1 Rxd1 25. Qxd1 Nb6 26. Qd8+ Ne8 27. f4 Qe6 28. Ne7+ Kf8 29. Nf5 f6 30. Bh6+ Kf7 31. g4 Bg6 32. Nd4 Qe7 33. Qxe7+ Kxe7 34. f5 Bf7 35. Nxc6+ Kd6 36. Nxa7 Ke5 37. Nxb5 Nd7 38. Kg3 Nc5 39. Bf4# 1-0


[Site "https://www.chess.com"]

[Event "Titled Tuesday Blitz June 28 Late 2022"]
[White "Della Morte, German"]
[Black "Khismatullin, Denis"]
[WhiteFideId "113522"]
[BlackFideId "4142578"]
[WhiteElo "2363"]
[BlackElo "2543"]
[Result "0-1"]
[Round "02"]
[TimeControl "180+1"]
[Date "2022.06.28"]
[WhiteClock "0:00:06"]
[BlackClock "0:00:32"]

1. e4 c5 2. Nf3 d6 3. d4 cxd4 4. Nxd4 Nf6 5. Nc3 a6 6. Bg5 Nbd7 7. f4 Qc7 8. Qf3 b5 9. O-O-O Bb7 10. Nd5 Nxd5 11. exd5 h6 12. Bh4 e5 13. Nb3 exf4 14. Qxf4 g5 15. Qe4+ Ne5 16. Bg3 Bg7 17. Nd4 O-O-O 18. Nf5 Bf6 19. Kb1 Kb8 20. Be2 h5 21. h3 Rc8 22. c3 h4 23. Bf2 Rhe8 24. Qb4 Nd7 25. Bg4 Nc5 26. Bd4 Bxd4 27. cxd4 Ne4 28. Rc1 Qb6 29. Rxc8+ Rxc8 30. Ne3 Rc7 31. Bf3 a5 32. Qe1 Qxd4 33. Nc2 Nd2+ 34. Kc1 Nxf3 35. gxf3 Qc4 36. Rh2 Qxa2 37. Qe8+ Rc8 38. Qxb5 Qxd5 39. Qxd5 Bxd5 40. Rf2 Bb3 41. Kd1 Rxc2 42. Rxc2 d5 43. Kc1 Bxc2 44. Kxc2 Kc7 45. Kd3 Kd6 46. Kd4 f5 47. Kd3 Kc5 0-1


[Site "https://www.chess.com"]

[Event "Titled Tuesday Blitz June 28 Late 2022"]
[White "Domingo Nunez, Ruben"]
[Black "Bolanos, Fernando"]
[WhiteFideId "22245570"]
[BlackFideId "3304094"]
[WhiteElo "2376"]
[BlackElo "2048"]
[Result "1-0"]
[Round "02"]
[TimeControl "180+1"]
[Date "2022.06.29"]
[WhiteClock "0:01:45"]
[BlackClock "0:01:20"]

1. Nf3 d5 2. g3 Nf6 3. Bg2 Bf5 4. O-O e6 5. b3 c6 6. Bb2 Be7 7. d3 O-O 8. Nbd2 h6 9. Ne5 Nbd7 10. e4 Bh7 11. Qe2 Nxe5 12. Bxe5 Nd7 13. Bb2 Bf6 14. e5 Be7 15. Kh1 a5 16. a4 b5 17. f4 bxa4 18. Rxa4 Nb6 19. Raa1 a4 20. bxa4 Nxa4 21. Bd4 Qd7 22. Nb3 Rfb8 23. Qf2 Rb5 24. g4 Qb7 25. f5 c5 26. Be3 Bg5 27. fxe6 fxe6 28. Rxa4 Bxe3 29. Qf7+ Kh8 30. Qxb7 1-0


[Site "https://www.chess.com"]

[Event "Titled Tuesday Blitz June 28 Late 2022"]
[White "Elgersma, Onno"]
[Black "Yuan, Qingyu"]
[WhiteFideId "1053531"]
[BlackFideId "8609772"]
[WhiteElo "2304"]
[BlackElo "2359"]
[Result "0-1"]
[Round "02"]
[TimeControl "180+1"]
[Date "2022.06.28"]
[WhiteClock "0:00:13"]
[BlackClock "0:00:27"]

1. e4 c6 2. d4 d5 3. e5 c5 4. Nf3 cxd4 5. Nxd4 Nc6 6. Nxc6 bxc6 7. Bd3 e6 8. O-O a5 9. Nd2 Ne7 10. Kh1 Ng6 11. f4 Be7 12. Qe2 O-O 13. Nf3 Qb6 14. Be3 c5 15. c4 d4 16. Bc1 Bb7 17. Nd2 f5 18. exf6 Rxf6 19. Ne4 Rf7 20. Qg4 Raf8 21. b3 Ne5 22. Qg3 Nxd3 23. Qxd3 Qc6 24. Re1 Rxf4 25. Bxf4 Rxf4 26. Qg3 Rxe4 27. Rxe4 Qxe4 28. Rf1 h6 29. h3 Kh7 30. Re1 Qc6 31. Rf1 Bf6 32. h4 Qe4 33. h5 Qh4+ 34. Qxh4 Bxh4 35. Rf4 Bg5 36. Rf7 Be4 37. Ra7 d3 38. Rd7 d2 0-1


[Site "https://www.chess.com"]

[Event "Titled Tuesday Blitz June 28 Late 2022"]
[White "Estrada Nieto, Julian"]
[Black "Marin Masis, Jose Esteban"]
[WhiteFideId "5101018"]
[BlackFideId "6508146"]
[WhiteElo "2252"]
[BlackElo "1710"]
[Result "1-0"]
[Round "02"]
[TimeControl "180+1"]
[Date "2022.06.29"]
[WhiteClock "0:00:31"]
[BlackClock "0:00:03"]

1. e4 c5 2. Nf3 Nc6 3. Bb5 d6 4. d4 cxd4 5. Qxd4 Bd7 6. Bxc6 Bxc6 7. Nc3 Nf6 8. Bg5 e6 9. O-O-O Be7 10. Rhe1 O-O 11. Kb1 Qc7 12. Qd2 Rfc8 13. Nd4 a6 14. f3 b5 15. g4 Qb7 16. Nce2 b4 17. Ng3 a5 18. Nh5 Ne8 19. h4 Bf8 20. Be3 a4 21. Rc1 Bd7 22. g5 b3 23. cxb3 axb3 24. a3 Nc7 25. Rc3 Nb5 26. Rxb3 Qa6 27. Qe2 Nxd4 28. Qxa6 Rxa6 29. Bxd4 e5 30. Be3 Be6 31. Rd3 d5 32. exd5 Bf5 33. Rd1 Rb8 34. Ka2 Ra4 35. Rb3 Rba8 36. Rc3 e4 37. Ng3 Bg4 38. fxg4 Bb4 39. Rc4 Bxa3 40. Rxa4 1-0


[Site "https://www.chess.com"]

[Event "Titled Tuesday Blitz June 28 Late 2022"]
[White "Eynullayev, Atilla"]
[Black "Thiel, Thomas"]
[WhiteFideId "13413570"]
[BlackFideId "4615964"]
[WhiteElo "1936"]
[BlackElo "2225"]
[Result "1-0"]
[Round "02"]
[TimeControl "180+1"]
[Date "2022.06.29"]
[WhiteClock "0:01:07"]
[BlackClock "0:00:26"]

1. Nf3 Nf6 2. g3 g6 3. Bg2 Bg7 4. O-O O-O 5. c4 c6 6. Nc3 d5 7. cxd5 cxd5 8. d4 Bf5 9. Ne5 Ne4 10. Qb3 Nc6 11. Nxc6 bxc6 12. Bf4 h5 13. Rfd1 e6 14. Rac1 Qb6 15. Nxe4 Bxe4 16. Bxe4 dxe4 17. Qxb6 axb6 18. Rxc6 Rxa2 19. Rxb6 Rd8 20. Bd6 Ra4 21. e3 e5 22. d5 Ra5 23. b4 Ra2 24. Be7 Rd7 25. d6 f5 26. Rc1 Kf7 27. Rc7 Ke6 28. Rbb7 1-0


[Site "https://www.chess.com"]

[Event "Titled Tuesday Blitz June 28 Late 2022"]
[White "Fajdetic, Hrvoje"]
[Black "Barria Santos, Jose Guilherme"]
[WhiteFideId "14501945"]
[BlackFideId "1939300"]
[WhiteElo "2172"]
[BlackElo "2261"]
[Result "1/2-1/2"]
[Round "02"]
[TimeControl "180+1"]
[Date "2022.06.29"]
[WhiteClock "0:00:09"]
[BlackClock "0:00:13"]

1. b3 e5 2. Bb2 d6 3. e3 Nc6 4. d4 exd4 5. exd4 d5 6. Bd3 Nf6 7. Ne2 Bb4+ 8. c3 Bd6 9. Nd2 O-O 10. Qc2 Re8 11. O-O Bg4 12. f3 Bh5 13. Ng3 Bg6 14. Rae1 Bxd3 15. Qxd3 g6 16. Bc1 Kg7 17. Re2 Rxe2 18. Qxe2 Qd7 19. Re1 Nd8 20. Ndf1 Ne6 21. Qd2 Bf4 22. Qc2 Re8 23. Rxe6 Qxe6 24. Bxf4 h6 25. Qd2 Ng8 26. Bxc7 f6 27. Bf4 g5 28. Be3 Kg6 29. Qd3+ f5 30. Bf2 Kf6 31. Ne3 Ne7 32. Nh5+ Kf7 33. c4 Qg6 34. g4 f4 35. Qxg6+ Kxg6 36. Nc2 Rc8 37. c5 Re8 38. Kf1 Nc6 39. b4 b5 40. a3 Re6 41. Be1 Re7 42. Bd2 Re8 43. Kf2 Ra8 44. h4 a5 45. bxa5 Nxa5 46. Bxa5 Rxa5 47. hxg5 hxg5 48. Ke2 Ra4 49. Kd3 Ra8 50. Kd2 Ra4 51. Kc3 Rc4+ 52. Kd3 Ra4 53. Kc3 Rc4+ 54. Kd3 Ra4 55. Kc3 1/2-1/2


[Site "https://www.chess.com"]

[Event "Titled Tuesday Blitz June 28 Late 2022"]
[White "Federzoni, Enzo"]
[Black "Tanenbaum, Zachary"]
[WhiteFideId "2173301"]
[BlackFideId "2060850"]
[WhiteElo "1949"]
[BlackElo "2175"]
[Result "0-1"]
[Round "02"]
[TimeControl "180+1"]
[Date "2022.06.29"]
[WhiteClock "0:00:08"]
[BlackClock "0:00:15"]

1. c4 e5 2. g3 Nc6 3. Bg2 Nf6 4. Nc3 Bc5 5. e4 d6 6. Nge2 h5 7. h3 h4 8. g4 Bxg4 9. hxg4 Nxg4 10. d4 exd4 11. Nxd4 Nxf2 12. Kxf2 Nxd4 13. Ke1 h3 14. Bf3 Qh4+ 15. Kd2 Qf4+ 16. Kd3 Qxf3+ 17. Qxf3 Nxf3 18. Bf4 g5 19. Raf1 g4 20. Nd5 O-O-O 21. b4 Bb6 22. a4 c6 23. Ne7+ Kd7 24. Nf5 Ke6 25. a5 Bc7 26. Ke2 Bb8 27. Rd1 d5 28. Bxb8 Rxb8 29. cxd5+ cxd5 30. Rxd5 Rbd8 31. Rb5 Nd4+ 32. Nxd4+ Rxd4 33. Ke3 Rd7 34. Rg5 Rh4 35. Kf4 Rd4 36. b5 f6 37. Rg7 f5 38. Rg6+ Kf7 39. Kxf5 Rh5+ 40. Rg5 Rxg5+ 41. Kxg5 Rxe4 42. Kf5 Rb4 43. Rc1 h2 44. Rc7+ Ke8 45. Rh7 g3 46. Ke6 Re4+ 47. Kd5 Re1 48. a6 bxa6 49. b6 axb6 50. Kd6 h1=Q 51. Rg7 Rd1+ 52. Ke6 Qe4+ 53. Kf6 Rf1+ 54. Kg5 Rf5+ 55. Kh6 Qh4+ 56. Kg6 Qh5# 0-1


[Site "https://www.chess.com"]